General information
- name: BNet
- type: Ladder team game (AT/RT)
- host: Battle.net
- saver: KODOS_FORSAKEN.
map: GoldRush
- players: 8
- length: 22:35
- speed: Fast
- version: 1.24 W3XP
- replay type: Public
» download(139 KB)
Players
team 1 (loser)
Presa_de_Prata (
red | 55 APM | 1233 actions | 22:15)
5 Demon Hunter
1 Immolation
3 Evasion
1 Mana Burn
3 Priestess of the Moon
2 Trueshot Aura
1 Searing Arrows
» actions
Assign group hotkey | 8 | |
Build / train | 73 | |
Enter build submenu | 16 | |
Enter hero's abilities submenu | 8 | |
Give item / drop item | 1 | |
Right click | 712 | |
Select / deselect | 159 | |
Select group hotkey | 212 | |
Use ability | 44 | |
1233 total
» units
» upgrades
Strength of the Wild | 3 | |
Reinforced Hides | 3 | |
Abolish Magic | 1 | |
7 total
» buildings
Altar of Elders | 1 | |
Moon Well | 7 | |
Ancient of War | 1 | |
Ancient of Wonders | 1 | |
Hunter's Hall | 1 | |
Tree of Ages | 1 | |
Tree of Life | 2 | |
Tree of Eternity | 1 | |
Ancient of Lore | 2 | |
Ancient Protector | 1 | |
18 total
» build order
00:21 Altar of Elders
00:34 Moon Well
00:49 Ancient of War
01:38 Moon Well
01:49 Ancient of Wonders
02:41 Hunter's Hall
02:57 Moon Well
03:48 Tree of Ages
03:51 Moon Well
04:55 Tree of Life
06:22 Tree of Eternity
06:27 Ancient of Lore
06:40 Ancient of Lore
11:56 Moon Well
12:39 Tree of Life
13:33 Moon Well
17:31 Moon Well
18:39 Ancient Protector
» items
Orb of Venom | 1 | |
Scroll of Town Portal | 1 | |
2 total

»
johnRambo (
pink | 36 APM | 800 actions | 22:10)
3 Priestess of the Moon
1 Searing Arrows
2 Trueshot Aura
» actions
Assign group hotkey | 1 | |
Basic commands | 67 | |
Build / train | 85 | |
Enter build submenu | 34 | |
Enter hero's abilities submenu | 3 | |
Remove unit from queue | 2 | |
Right click | 314 | |
Select / deselect | 250 | |
Use ability | 44 | |
800 total
» units
Wisp | 35 | |
Archer | 5 | |
Huntress | 8 | |
Chimaera | 9 | |
57 total
» upgrades
Ultravision | 1 | |
Strength of the Moon | 2 | |
Moon Armor | 2 | |
Strength of the Wild | 4 | |
Reinforced Hides | 3 | |
Nature's Blessing | 1 | |
Backpack | 1 | |
Corrosive Breath | 1 | |
Well Spring | 1 | |
Sentinel | 1 | |
Upgrade Moon Glaive | 1 | |
18 total
» buildings
Ancient of War | 4 | |
Altar of Elders | 1 | |
Moon Well | 8 | |
Ancient of Wonders | 1 | |
Hunter's Hall | 1 | |
Tree of Life | 2 | |
Ancient Protector | 9 | |
Tree of Ages | 1 | |
Tree of Eternity | 1 | |
Ancient of Lore | 1 | |
Ancient of Wind | 1 | |
Chimaera Roost | 3 | |
33 total
» build order
00:24 Ancient of War
00:37 Altar of Elders
00:51 Moon Well
01:54 Moon Well
02:18 Moon Well
02:25 Moon Well
02:39 Ancient of Wonders
02:47 Ancient of War
03:40 Hunter's Hall
06:54 Tree of Life
06:58 Ancient Protector
07:01 Ancient Protector
07:05 Ancient Protector
07:17 Ancient Protector
07:51 Ancient Protector
07:54 Ancient Protector
08:00 Ancient Protector
08:13 Ancient Protector
08:25 Tree of Ages
09:44 Ancient Protector
10:23 Moon Well
10:30 Moon Well
10:35 Moon Well
10:48 Tree of Eternity
11:39 Ancient of Lore
11:44 Ancient of Wind
13:19 Chimaera Roost
14:00 Chimaera Roost
16:00 Chimaera Roost
17:48 Moon Well
19:38 Tree of Life
20:14 Ancient of War
20:16 Ancient of War

»
Chainlord (
blue | 26 APM | 587 actions | 22:35)
2 Lich
1 Frost Nova
1 Dark Ritual
» actions
Basic commands | 13 | |
Build / train | 46 | |
Enter build submenu | 34 | |
Enter hero's abilities submenu | 2 | |
Remove unit from queue | 9 | |
Right click | 202 | |
Select / deselect | 250 | |
Use ability | 29 | |
587 total
» units
Acolyte | 12 | |
Ghoul | 8 | |
Crypt Fiend | 4 | |
Gargoyle | 7 | |
Frost Wyrm | 2 | |
33 total
» buildings
Altar of Darkness | 2 | |
Ziggurat | 8 | |
Crypt | 2 | |
Graveyard | 1 | |
Halls of the Dead | 1 | |
Black Citadel | 1 | |
Sacrificial Pit | 1 | |
Slaughterhouse | 1 | |
Boneyard | 1 | |
Spirit Tower | 1 | |
Necropolis | 1 | |
20 total
» build order
00:10 Altar of Darkness
00:12 Ziggurat
00:38 Crypt
00:57 Ziggurat
01:47 Graveyard
02:11 Ziggurat
04:50 Halls of the Dead
05:54 Ziggurat
09:34 Black Citadel
10:11 Ziggurat
11:11 Sacrificial Pit
11:15 Slaughterhouse
12:00 Boneyard
14:43 Spirit Tower
18:16 Necropolis
20:27 Altar of Darkness
20:47 Crypt
21:19 Ziggurat
21:21 Ziggurat
21:26 Ziggurat
KODOS_FORSAKEN. (
purple | 51 APM | 1158 actions | 22:35)
2 Goblin Tinker
1 Pocket Factory
1 Engineering Upgrade
1 Beastmaster
1 Summon Quilbeast
1 Dark Ranger
1 Silence
» actions
Assign group hotkey | 20 | |
Basic commands | 192 | |
Build / train | 47 | |
Enter build submenu | 15 | |
Enter hero's abilities submenu | 4 | |
Give item / drop item | 4 | |
Remove unit from queue | 1 | |
Right click | 245 | |
Select / deselect | 314 | |
Select group hotkey | 258 | |
Use ability | 58 | |
1158 total
» units
Peon | 13 | |
Troll Headhunter/Berserker | 5 | |
Demolisher | 4 | |
22 total
» upgrades
Ranged Weapons | 3 | |
Troll Regeneration | 1 | |
Armor | 2 | |
Berserker Upgrade | 1 | |
Reinforced Defenses | 1 | |
8 total
» buildings
Altar of Storms | 1 | |
Barracks | 3 | |
Orc Burrow | 6 | |
Voodoo Lounge | 1 | |
War Mill | 1 | |
Stronghold | 1 | |
Great Hall | 1 | |
Fortress | 1 | |
15 total
» build order
00:06 Altar of Storms
00:08 Barracks
00:10 Barracks
00:15 Orc Burrow
01:31 Voodoo Lounge
02:08 War Mill
02:13 Orc Burrow
03:33 Barracks
04:08 Stronghold
05:39 Great Hall
06:02 Orc Burrow
06:11 Orc Burrow
09:27 Fortress
09:39 Orc Burrow
18:41 Orc Burrow
» items
Healing Salve | 1 | |
Potion of Healing | 4 | |
Scroll of Town Portal | 2 | |
7 total
team 2 (winner)
l)arkneZz (
teal | 36 APM | 815 actions | 22:35)
7 Death Knight
2 Death Coil
3 Unholy Aura
1 Death Pact
1 Animate Dead
5 Crypt Lord
2 Spiked Carapace
3 Impale
» actions
Assign group hotkey | 6 | |
Basic commands | 38 | |
Build / train | 88 | |
ESC pressed | 3 | |
Enter build submenu | 25 | |
Enter hero's abilities submenu | 12 | |
Give item / drop item | 3 | |
Right click | 310 | |
Select / deselect | 240 | |
Select group hotkey | 25 | |
Use ability | 65 | |
815 total
» units
Acolyte | 9 | |
Ghoul | 4 | |
Crypt Fiend | 25 | |
Gargoyle | 4 | |
42 total
» upgrades
Creature Attack | 3 | |
Web | 1 | |
Burrow | 1 | |
Creature Carapace | 4 | |
9 total
» buildings
Ziggurat | 14 | |
Crypt | 2 | |
Altar of Darkness | 1 | |
Graveyard | 1 | |
Nerubian Tower | 2 | |
Spirit Tower | 6 | |
Tomb of Relics | 1 | |
Halls of the Dead | 5 | |
Black Citadel | 1 | |
33 total
» build order
00:12 Ziggurat
00:19 Crypt
00:36 Altar of Darkness
01:14 Graveyard
01:27 Ziggurat
01:58 Nerubian Tower
02:44 Spirit Tower
02:57 Ziggurat
03:53 Spirit Tower
04:08 Tomb of Relics
05:25 Ziggurat
06:12 Halls of the Dead
06:12 Halls of the Dead
06:12 Halls of the Dead
06:49 Spirit Tower
10:11 Ziggurat
10:23 Ziggurat
10:24 Ziggurat
10:26 Ziggurat
11:42 Black Citadel
11:44 Crypt
12:20 Spirit Tower
12:30 Nerubian Tower
12:32 Spirit Tower
13:22 Ziggurat
14:43 Spirit Tower
19:53 Ziggurat
19:54 Ziggurat
19:56 Ziggurat
21:33 Ziggurat
21:39 Ziggurat
» items
Rod of Necromancy | 1 | |
Orb of Corruption | 2 | |
Scroll of Town Portal | 2 | |
Scroll of Healing | 1 | |
6 total

»
tigerlawn (
yellow | 58 APM | 1308 actions | 22:35)
4 Death Knight
2 Death Coil
2 Unholy Aura
3 Lich
2 Frost Nova
1 Frost Armor
» actions
Assign group hotkey | 126 | |
Basic commands | 98 | |
Build / train | 41 | |
Enter build submenu | 20 | |
Enter hero's abilities submenu | 7 | |
Give item / drop item | 3 | |
Right click | 380 | |
Select / deselect | 238 | |
Select group hotkey | 357 | |
Use ability | 38 | |
1308 total
» units
Acolyte | 5 | |
Ghoul | 4 | |
Crypt Fiend | 9 | |
Frost Wyrm | 3 | |
21 total
» upgrades
Creature Attack | 3 | |
Creature Carapace | 2 | |
Web | 1 | |
Freezing Breath | 1 | |
7 total
» buildings
Altar of Darkness | 1 | |
Ziggurat | 8 | |
Crypt | 1 | |
Graveyard | 1 | |
Tomb of Relics | 1 | |
Halls of the Dead | 1 | |
Black Citadel | 1 | |
Sacrificial Pit | 1 | |
Boneyard | 2 | |
17 total
» build order
00:16 Altar of Darkness
00:29 Ziggurat
00:38 Crypt
00:59 Graveyard
01:25 Ziggurat
01:37 Tomb of Relics
02:40 Ziggurat
05:50 Halls of the Dead
06:58 Ziggurat
07:40 Ziggurat
07:41 Ziggurat
09:49 Black Citadel
11:22 Sacrificial Pit
12:32 Boneyard
12:34 Boneyard
15:50 Ziggurat
17:07 Ziggurat
» items

»
littlespice3 (
green | 26 APM | 582 actions | 22:35)
4 Death Knight
3 Death Coil
1 Unholy Aura
» actions
Assign group hotkey | 2 | |
Basic commands | 26 | |
Build / train | 59 | |
Enter build submenu | 15 | |
Enter hero's abilities submenu | 4 | |
Remove unit from queue | 2 | |
Right click | 171 | |
Select / deselect | 215 | |
Select group hotkey | 55 | |
Use ability | 33 | |
582 total
» units
Acolyte | 8 | |
Ghoul | 7 | |
Crypt Fiend | 4 | |
Abomination | 9 | |
Necromancer | 8 | |
36 total
» upgrades
Unholy Strength | 3 | |
Unholy Armor | 3 | |
Skeletal Longevity | 1 | |
Skeletal Mastery | 1 | |
Disease Cloud | 1 | |
9 total
» buildings
Ziggurat | 9 | |
Altar of Darkness | 1 | |
Crypt | 1 | |
Graveyard | 1 | |
Halls of the Dead | 1 | |
Tomb of Relics | 1 | |
Temple of the Damned | 1 | |
Black Citadel | 1 | |
Spirit Tower | 2 | |
Nerubian Tower | 2 | |
Slaughterhouse | 2 | |
22 total
» build order
00:15 Ziggurat
00:21 Altar of Darkness
00:49 Crypt
01:12 Graveyard
01:28 Ziggurat
02:31 Ziggurat
03:16 Halls of the Dead
04:55 Ziggurat
05:11 Tomb of Relics
05:48 Temple of the Damned
05:57 Black Citadel
07:57 Ziggurat
08:27 Spirit Tower
08:29 Nerubian Tower
09:45 Slaughterhouse
09:45 Slaughterhouse
11:25 Ziggurat
14:15 Ziggurat
14:16 Ziggurat
14:19 Ziggurat
16:16 Spirit Tower
16:18 Nerubian Tower
reikojd (
orange | 41 APM | 922 actions | 22:35)
4 Mountain King
2 Storm Bolt
2 Bash
3 Paladin
1 Holy Light
1 Divine Shield
1 Devotion Aura
» actions
Build / train | 85 | |
Enter build submenu | 20 | |
Enter hero's abilities submenu | 7 | |
Give item / drop item | 1 | |
Right click | 470 | |
Select / deselect | 286 | |
Use ability | 53 | |
922 total
» units
Peasant | 12 | |
Footman | 7 | |
Rifleman | 3 | |
Siege Engine | 21 | |
Knight | 11 | |
54 total
» upgrades
Lumber Harvesting | 2 | |
Long Rifles | 1 | |
Masonry | 3 | |
Barrage | 1 | |
Plating | 2 | |
Gunpowder | 2 | |
Animal War Training | 1 | |
12 total
» buildings
Altar of Kings | 2 | |
Farm | 8 | |
Barracks | 1 | |
Lumber Mill | 1 | |
Arcane Vault | 1 | |
Scout Tower | 2 | |
Blacksmith | 1 | |
Keep | 1 | |
Town Hall | 1 | |
Guard Tower | 2 | |
Workshop | 2 | |
Castle | 1 | |
23 total
» build order
00:25 Altar of Kings
00:30 Altar of Kings
00:35 Farm
00:42 Barracks
01:49 Farm
02:21 Lumber Mill
02:30 Farm
02:38 Arcane Vault
02:58 Scout Tower
03:27 Blacksmith
03:34 Scout Tower
04:49 Keep
06:15 Town Hall
06:50 Guard Tower
06:51 Guard Tower
09:07 Workshop
09:10 Workshop
10:24 Castle
11:35 Farm
11:38 Farm
11:41 Farm
14:18 Farm
16:50 Farm
» items
Scroll of Regeneration | 2 | |
Lesser Clarity Potion | 1 | |
Mechanical Critter | 1 | |
Scroll of Town Portal | 1 | |
Orb of Fire | 1 | |
6 total
Chat log
(00:17 / Allies) Presa_de_Prata: esxpo fast guys
(08:51 / Allies) Chainlord: help
(08:53 / Allies) KODOS_FORSAKEN.: outa
(09:02 / Allies) Chainlord: could of takeh him.
(09:08 / Allies) KODOS_FORSAKEN.: he had backup
(09:14 / Allies) Chainlord: wasnt much
(09:18 / Allies) KODOS_FORSAKEN.: was much.
(09:53 / Allies) Chainlord: they dont have air tho
(09:58 / Allies) Chainlord: im getting gargs
(10:03 / Allies) Chainlord: might be an easy win
(10:06 / Allies) KODOS_FORSAKEN.: to... counter those fiends?
(10:18 / Allies) Chainlord: fiends cant hit air
(10:24 / Allies) KODOS_FORSAKEN.: oh my god i'm going to backstab you
(10:45 / Allies) Chainlord: lul?
(10:55 / Allies) Chainlord: gf this game
(11:03 / All) KODOS_FORSAKEN.: it's not worth playing when you have some as bad as blue on your team
(11:09 / All) Chainlord: lul
(11:49 / Allies) Presa_de_Prata: check tose expos
(12:11 / Allies) Chainlord: pro..
(12:43 / Allies) Chainlord: k then
(13:25 / Allies) Chainlord: i could of massed frost wyrms
(13:27 / Allies) Chainlord: idiot
(13:29 / Allies) Chainlord: check my gold
(13:51 / Allies) johnRambo: need wood
(13:51 / Allies) KODOS_FORSAKEN.: how can you call me an idiot, when you think that fiends don't hit air
(14:05 / Allies) Chainlord: .
(15:43 / Allies) Chainlord: gg
(16:02 / Allies) Chainlord: everything i had
(16:16 / Allies) Chainlord: would of been an easy win also
(16:38 / Allies) KODOS_FORSAKEN.: not if you decided to mass air in front of mass fiends
(16:47 / Allies) Chainlord: frost wyrms
(16:50 / Allies) Chainlord: u dumb shit
(16:59 / Allies) Presa_de_Prata: wtf purp
(17:02 / Allies) KODOS_FORSAKEN.: fiends beat wyrms
(17:04 / Allies) Chainlord: hes an idiot
(17:09 / Allies) KODOS_FORSAKEN.: 7-17
(17:12 / All) KODOS_FORSAKEN.: lol
(17:13 / Allies) Chainlord: wyrms kill buildings
(17:15 / Allies) Chainlord: easily
(17:17 / Allies) Chainlord: dumbass
(17:24 / Allies) KODOS_FORSAKEN.: You're foolish :P
(17:30 / Allies) Chainlord: kool
(17:45 / Allies) Chainlord: no need
(17:54 / Allies) Chainlord: i gave purple 5k and 1k wood
(17:59 / Allies) Chainlord: wat i had for fiends
(18:02 / Allies) Chainlord: but idiot ruined it
(18:16 / Allies) Presa_de_Prata: purp you bored noob
(19:06 / Allies) Chainlord: aboms
(19:09 / Allies) Chainlord: those hit air good
(19:11 / Allies) Chainlord: right purp
(19:21 / Allies) KODOS_FORSAKEN.: when did i say anything about fucking aboms?
(19:28 / Allies) Chainlord: ur an idiot
(19:32 / Allies) KODOS_FORSAKEN.: 7-17
(19:37 / Allies) Chainlord: okay?
(19:42 / Allies) Chainlord: half my games i just join
(19:44 / Allies) Chainlord: and leave
(19:46 / Allies) johnRambo: go ??
(19:48 / Allies) Chainlord: do something else
(19:50 / Allies) KODOS_FORSAKEN.: well ur dubm lol
(19:55 / Allies) Chainlord: not really
(19:57 / Allies) Chainlord: sometimes people win
(20:00 / Allies) Chainlord: free win
(20:01 / Allies) Chainlord: no work
(20:06 / Allies) Chainlord: so i might as well
(20:08 / Allies) KODOS_FORSAKEN.: you don't get a win if you leave you fool
(20:17 / Allies) Chainlord: i dont leave idiot.
(20:19 / Allies) Chainlord: i stay afk
(20:20 / Allies) Chainlord: in a 4v4
(20:27 / Allies) KODOS_FORSAKEN.: then why did you say that you leave?
(20:33 / Allies) Chainlord: said it wrong
(20:37 / Allies) Chainlord: tis what i do tho
(20:43 / Allies) KODOS_FORSAKEN.: So what you're saying is
(20:44 / Allies) KODOS_FORSAKEN.: the onyl time
(20:49 / Allies) KODOS_FORSAKEN.: you've ever one
(20:50 / Allies) KODOS_FORSAKEN.: won*
(20:53 / Allies) KODOS_FORSAKEN.: was from games where you did nothing?
(20:58 / Allies) Chainlord: no lul
(21:07 / Allies) Chainlord: i normally play roc
(21:10 / All) l)arkneZz: gg
(21:11 / Allies) KODOS_FORSAKEN.: lawl
(21:14 / Allies) Chainlord: on multi accs
(21:25 / Allies) Presa_de_Prata: fuck you purp
(21:29 / Allies) Chainlord: i agree
(21:40 / Allies) KODOS_FORSAKEN.: It was worth it.
(21:47 / Allies) Presa_de_Prata: send your orcs to your anus
(21:52 / Allies) Chainlord: l0l
(22:00 / All) Chainlord: gf purple
(22:04 / Allies) Presa_de_Prata: you a bitch
(22:33 / All) KODOS_FORSAKEN.: gg